 Dungeon Crawl Stone Soup version 0.32-a0-41-gec2d92a32c (webtiles) character file.

Game seed: 15722544436059766492

41 pokeman the Magician (level 3, -6/20 HPs)
             Began as a Deep Elf Hedge Wizard on Jan 25, 2024.
             Mangled by a phantom (7 damage)
             ... on level 4 of the Dungeon.
             The game lasted 00:02:05 (1491 turns).

pokeman the Magician (Deep Elf Hedge Wizard)        Turns: 1491, Time: 00:02:06

Health: -6/20      AC:  2    Str:  7    XL:     3   Next: 32%
Magic:  0/11       EV: 12    Int: 20    God:
Gold:   140        SH:  0    Dex: 14    Spells: 4/12 levels left

rFire   . . .        a - +0 dagger
rCold   . . .        (no shield)
rNeg    . . .        b - +0 robe
rPois   .            c - +0 hat
rElec   .            (no cloak)
rCorr   .            (no gloves)
SInv    .            (no boots)
Will    .....        (no amulet)
Stlth   ++           (no ring)
HPRegen 0.23/turn    (no ring)
MPRegen 0.12/turn

%: no passive effects
@: no status effects
A: no striking features
a: no special abilities


You were on level 4 of the Dungeon.
You visited 1 branch of the dungeon, and saw 3 of its levels.

You collected 140 gold pieces.

Inventory:

Hand Weapons
 a - a +0 dagger (weapon)
Armour
 b - a +0 robe (worn)
 c - a +0 hat (worn)
 e - a +0 buckler
Scrolls
 f - 2 scrolls of identify {unknown}
 g - a scroll of teleportation {unknown}
 j - a scroll of silence {unknown}
 k - a scroll of blinking {unknown}
Potions
 d - a potion of magic
 h - 2 potions of curing {unknown}
 i - 2 potions of brilliance {unknown}


   Skills:
 + Level 0.8 Fighting
 + Level 0.9 Armour
 - Level 2.4 Dodging
 - Level 2.4 Stealth
 * Level 5.2 Spellcasting
 + Level 1.8 Conjurations
 - Level 1.1 Summonings
 - Level 1.1 Translocations


You had 4 spell levels left.
You knew the following spells:

 Your Spells              Type           Power      Damage    Failure   Level
a - Magic Dart            Conj           48%        1d5       5%          1
b - Mephitic Cloud        Conj/Alch/Air  7%         N/A       26%         3
c - Call Imp              Summ           18%        N/A       11%         2
d - Blink                 Tloc           18%        N/A       11%         2

Your spell library contained the following spells:

 Spells                   Type           Power      Damage    Failure   Level
 Slow                     Hex            20%        N/A       12%         1
 Cigotuvi's Dreadful Rot  Necr/Alch/Air  10%        N/A       17%         2


Dungeon Overview and Level Annotations

Branches:
Dungeon (2/15)

Altars:
Wu Jian


Message History

The phantom is moderately damaged.
The phantom hits you.
Casting: Magic Dart (safe; 5% risk of failure)
Confirm with . or Enter, or press ? or * to list all spells.
Aiming: Magic Dart (safe; 5% risk of failure)
Press: ? - help, Shift-Dir - straight line, f/p - phantom
Aim: a phantom (moderately damaged, 100% to hit)
The magic dart hits the phantom.
The phantom is heavily damaged.
The phantom hits you.
* * * LOW HITPOINT WARNING * * *
The phantom blinks!
You blink.
Casting: Magic Dart (safe; 5% risk of failure)
Confirm with . or Enter, or press ? or * to list all spells.
Aiming: Magic Dart (safe; 5% risk of failure)
Press: ? - help, Shift-Dir - straight line, f/p - phantom
Aim: a phantom (heavily damaged, 100% to hit)
The magic dart hits the phantom but does no damage.
The phantom is heavily damaged.
The phantom hits you.
* * * LOW HITPOINT WARNING * * *
Casting: Magic Dart (safe; 5% risk of failure)
Confirm with . or Enter, or press ? or * to list all spells.
Aiming: Magic Dart (safe; 5% risk of failure)
Press: ? - help, Shift-Dir - straight line, f/p - phantom
Aim: a phantom (heavily damaged, 100% to hit)
The magic dart hits the phantom.
The phantom is heavily damaged.
The phantom hits you.
* * * LOW HITPOINT WARNING * * *
The phantom blinks!
You blink.
Casting: Magic Dart (safe; 5% risk of failure)
Confirm with . or Enter, or press ? or * to list all spells.
Aiming: Magic Dart (safe; 5% risk of failure)
Press: ? - help, Shift-Dir - straight line, f/p - phantom
Aim: a phantom (heavily damaged, 100% to hit)
The magic dart hits the phantom.
The phantom is heavily damaged.
The phantom hits you!
You die...

...#.....# ## #......#
..###..)..# ...#.###.#
#.....## #......# ..#.....##
## #......################ .
..###.....#..@...........#
.. .)#.###.#....W..........#
... #.....##....####'####..#
....
#......#.ยงยง.'.......'..#
....#.....#...###.#...#.#..#
#.....)#...###.#._.#.#..#
#.....#.....#.#...#.#..#
####.#....#.'.......'..#
#...############'#####.#


You could see a phantom.

Vanquished Creatures
  An adder (D:2)
  2 dart slugs (D:1)
  An orc (D:4)
  2 bats (D:1)
  3 endoplasms (D:1)
  2 giant cockroaches
  3 goblins
  A hobgoblin (D:2)
  A ball python (D:1)
  2 frilled lizards (D:1)
  6 kobolds
  2 rats (D:1)
26 creatures vanquished.

Notes
Turn   | Place    | Note
-------+----------+-------------------------------------------
     0 | D:1      | pokeman the Deep Elf Hedge Wizard began the quest for the
                  | Orb.
     0 | D:1      | Reached XP level 1. HP: 10/10 MP: 7/7
   361 | D:1      | Reached XP level 2. HP: 16/16 MP: 5/9
   727 | D:1      | Found a faded altar of an unknown god.
   775 | D:1      | Reached skill level 5 in Spellcasting
  1128 | D:2      | Reached XP level 3. HP: 20/20 MP: 3/11
  1132 | D:2      | Learned a level 3 spell: Mephitic Cloud
  1135 | D:2      | Learned a level 2 spell: Call Imp
  1138 | D:2      | Learned a level 2 spell: Blink
  1330 | D:2      | You fall into a shaft and drop 2 floors!
  1431 | D:4      | Found an ornate altar of the Wu Jian Council.
  1472 | D:4      | Noticed a phantom
  1490 | D:4      | HP: 1/20 [phantom (2)]
  1491 | D:4      | Mangled by a phantom

Illustrated notes

Levels and vault maps discovered:
D:1:      spicycebolla_arrival_risky_transporter, layout_loops_cross,
          shapermc_ecumenical_altar_mp_urbaneastern
D:2:      layout_loops_corners, grunt_ministairs_1, chequers_jeans,
          minmay_divided_ellipse
D:4:      nicolae_BIG_FREAKIN_CUBE, layout_gridville,
          mainiacjoe_overflow_six_doors_small, serial_shops, shop

Skill      XL: |  1  2 |
---------------+-------+-----
Spellcasting   | 5 |  5.2
Fighting       | |  0.8
Armour         | |  0.9
Dodging        | |  2.4
Stealth        | |  2.4
Conjurations   | |  1.8
Summonings     | |  1.1
Translocations | |  1.1

Action                     || total
---------------------------++-------
  Melee: Dagger            ||    13
         Punch             ||     2
   Cast: Magic Dart        ||    73
   Stab: Sleeping          ||     1
 Armour: Robe              ||    23
  Dodge: Dodged            ||    16

Table legend: (Time is in decaauts)
 A = Elapsed time spent in this place.
 B = Non-inter-level travel time spent in this place.
 C = Inter-level travel time spent in this place.
 D = Time resting spent in this place.
 E = Time spent auto-exploring this place.
 F = Levels seen in this place.
 G = Mean time per level.
                   A        B        C        D        E       F      G
               +--------+--------+--------+--------+--------+-----+--------+
         Total |   1490 |   1453 |     37 |      0 |   1285 |   3 |  496.7 |
       Dungeon |   1490 |   1453 |     37 |      0 |   1285 |   3 |  496.7 |
               +--------+--------+--------+--------+--------+-----+--------+

Top non-repeatable levels by time:
     D:1: 1038 daAuts
     D:2: 291 daAuts
     D:4: 160 daAuts
